TOP OF THE 1ST |
Bismarck Barons batting - Pitching for Moose Jaw Ghostbusters : RHP Ken Rogers
|
Pitching: RHP Ken Rogers
|
|
Batting: LHB John Frost
|
0-0: Ball 1-0: Swinging Strike 1-1: Ball 2-1: Bunt for hit - play at first, batter safe!
|
Batting: RHB Roberto García
|
0-0: Fly out, F7 (Flyball, 7D)
|
Batting: LHB Pedro Díaz
|
0-0: Ball 1-0: Foul Ball, location: 2F 1-1: Ball 2-1: Foul Ball, location: 2F 2-2: Fly out, F7 (Flyball, 7LD)
|
Batting: LHB Edwin Ryan
|
0-0: Ball 1-0: Foul Ball, location: 2F 1-1: Called Strike 1-2: Foul Ball, location: 2F 1-2: SINGLE (Line Drive, 4MD) John Frost to second
|
Batting: SHB Manuel Hegnauer
|
0-0: Called Strike 0-1: SINGLE (Groundball, 34) John Frost to third Edwin Ryan to second Runner from 3rd tries for Home, SAFE, no throw or cutoff
|
Batting: RHB David Canseco
|
0-0: Ball 1-0: Ball 2-0: Foul Ball, location: 2F 2-1: Foul Ball, location: 2F 2-2: Ball 3-2: Base on Balls Edwin Ryan to third Manuel Hegnauer to second
|
Batting: RHB Michael Thomas
|
0-0: Foul Ball, location: 2F 0-1: Ball 1-1: Called Strike 1-2: Ball 2-2: Ball 3-2: Fly out, F4 (Popup, 34D)
|
Top of the 1st over - 1 run(s), 3 hit(s), 0 error(s), 3 left on base; Bismarck 1 - Moose Jaw 0 |
BOTTOM OF THE 1ST |
Moose Jaw Ghostbusters batting - Pitching for Bismarck Barons : RHP Orlando Trinidad
|
Pitching: RHP Orlando Trinidad
|
|
Batting: RHB Manuel Pérez
|
0-0: Foul Ball, location: 2F 0-1: Ball 1-1: Foul Ball, location: 2F 1-2: Ball 2-2: Ball 3-2: Foul Ball, location: 2F 3-2: Foul Ball, location: 2F 3-2: Foul Ball, location: 2F 3-2: Foul Ball, location: 2F 3-2: Foul Ball, location: 2F 3-2: Foul Ball, location: 2F 3-2: Foul Ball, location: 2F 3-2: Strikes out swinging
|
Batting: LHB Will Vale
|
0-0: Ball 1-0: Called Strike 1-1: Ball 2-1: Called Strike 2-2: Ball 3-2: Base on Balls
|
Batting: RHB John Major
|
0-0: Ball 1-0: Fielders Choice at 2nd, 6-4 (Groundball, 6M)
|
Batting: RHB Paco Hernández
|
0-0: Foul Ball, location: 2F 0-1: Ball 1-1: Ball 2-1: Called Strike 2-2: Ball 3-2: Base on Balls John Major to second
|
Batting: LHB Dave Stewart
|
0-0: DOUBLE (Flyball, 8LM) John Major scores Paco Hernández to third
|
Batting: SHB Martín Cruz
|
0-0: Called Strike 0-1: Foul Ball, location: 2F 0-2: Foul Ball, location: 2F 0-2: Ball 1-2: Foul Ball, location: 2F 1-2: Ball 2-2: Ball 3-2: Fly out, F7 (Flyball, 7M)
|
Bottom of the 1st over - 1 run(s), 1 hit(s), 0 error(s), 2 left on base; Bismarck 1 - Moose Jaw 1 |
TOP OF THE 2ND |
Bismarck Barons batting - Pitching for Moose Jaw Ghostbusters : RHP Ken Rogers
|
Batting: SHB Jeff Chambers
|
0-0: Called Strike 0-1: Ball 1-1: Ball 2-1: Foul Ball, location: 2F 2-2: SINGLE (Groundball, 34D)
|
Batting: LHB Jorge Fernández
|
0-0: Ball 1-0: Ball 2-0: Swinging Strike 2-1: Swinging Strike 2-2: Strikes out looking
|
Batting: LHB John Frost
|
0-0: Called Strike 0-1: Foul Ball, location: 2F 0-2: Ball 1-2: Foul Ball, location: 2F 1-2: Strikes out looking
|
Batting: RHB Roberto García
|
0-0: Ball 1-0: SINGLE (Line Drive, 9S) Jeff Chambers to second Runner from 2nd tries for 3rd, OUT!
|
Top of the 2nd over - 0 run(s), 2 hit(s), 0 error(s), 1 left on base; Bismarck 1 - Moose Jaw 1 |
BOTTOM OF THE 2ND |
Moose Jaw Ghostbusters batting - Pitching for Bismarck Barons : RHP Orlando Trinidad
|
Batting: RHB Nicholas Harris
|
0-0: Called Strike 0-1: Foul Ball, location: 2F 0-2: Ball 1-2: Foul Ball, location: 2F 1-2: Foul Ball, location: 2F 1-2: Ball 2-2: Foul Ball, location: 2F 2-2: Foul Ball, location: 2F 2-2: Strikes out swinging
|
Batting: RHB Juan Vázquez
|
0-0: Ball 1-0: Swinging Strike 1-1: Called Strike 1-2: Ball 2-2: Foul Ball, location: 2F 2-2: Foul Ball, location: 2F 2-2: Ball 3-2: Base on Balls
|
Batting: RHB Don Turner
|
0-0: Ground out 5-3 (Groundball, 5S) Juan Vázquez to second
|
Batting: RHB Manuel Pérez
|
0-0: Called Strike 0-1: Foul Ball, location: 2F 0-2: Strikes out looking
|
Bottom of the 2nd over - 0 run(s), 0 hit(s), 0 error(s), 1 left on base; Bismarck 1 - Moose Jaw 1 |
TOP OF THE 3RD |
Bismarck Barons batting - Pitching for Moose Jaw Ghostbusters : RHP Ken Rogers
|
Batting: LHB Pedro Díaz
|
0-0: Swinging Strike 0-1: Fly out, F3 (Line Drive, 3)
|
Batting: LHB Edwin Ryan
|
0-0: Fly out, F8 (Flyball, 8LD)
|
Batting: SHB Manuel Hegnauer
|
0-0: Ball 1-0: SINGLE (Groundball, 3D)
|
Batting: RHB David Canseco
|
0-0: Called Strike 0-1: Called Strike 0-2: Ball 1-2: Foul Ball, location: 2F 1-2: Strikes out swinging
|
Top of the 3rd over - 0 run(s), 1 hit(s), 0 error(s), 1 left on base; Bismarck 1 - Moose Jaw 1 |
BOTTOM OF THE 3RD |
Moose Jaw Ghostbusters batting - Pitching for Bismarck Barons : RHP Orlando Trinidad
|
Batting: LHB Will Vale
|
0-0: Swinging Strike 0-1: Ball 1-1: Foul Ball, location: 2F 1-2: Ball 2-2: Ground out 4-3 (Groundball, 4)
|
Batting: RHB John Major
|
0-0: Foul Ball, location: 2F 0-1: Ball 1-1: Foul Ball, location: 2F 1-2: Ground out 4-3 (Groundball, 4M)
|
Batting: RHB Paco Hernández
|
0-0: Foul Ball, location: 2F 0-1: Called Strike 0-2: Foul Ball, location: 2F 0-2: Foul Ball, location: 2F 0-2: Ball 1-2: Ball 2-2: Fly out, F8 (Flyball, 8LM)
|
Bottom of the 3rd over - 0 run(s), 0 hit(s), 0 error(s), 0 left on base; Bismarck 1 - Moose Jaw 1 |
TOP OF THE 4TH |
Bismarck Barons batting - Pitching for Moose Jaw Ghostbusters : RHP Ken Rogers
|
Batting: RHB Michael Thomas
|
0-0: Swinging Strike 0-1: Fly out, F9 (Flyball, 89M)
|
Batting: SHB Jeff Chambers
|
0-0: Foul Ball, location: 2F 0-1: Foul Ball, location: 2F 0-2: SINGLE (Line Drive, 7S)
|
Batting: LHB Jorge Fernández
|
0-0: Ball 1-0: Ball 2-0: Ball 3-0: Called Strike 3-1: Foul Ball, location: 2F 3-2: Fielders Choice at 2nd, 4-6 (Groundball, 4)
|
Batting: LHB John Frost
|
0-0: Ground out 1-3 (Groundball, 15)
|
Top of the 4th over - 0 run(s), 1 hit(s), 0 error(s), 1 left on base; Bismarck 1 - Moose Jaw 1 |
BOTTOM OF THE 4TH |
Moose Jaw Ghostbusters batting - Pitching for Bismarck Barons : RHP Orlando Trinidad
|
Batting: LHB Dave Stewart
|
0-0: Foul Ball, location: 2F 0-1: Ball 1-1: Fly out, F8 (Flyball, 78M)
|
Batting: SHB Martín Cruz
|
0-0: Ball 1-0: Ball 2-0: Ball 3-0: Foul Ball, location: 2F 3-1: Base on Balls
|
Batting: RHB Nicholas Harris
|
0-0: Called Strike 0-1: Foul Ball, location: 2F 0-2: Ball 1-2: Ball 2-2: Strikes out swinging
|
Batting: RHB Juan Vázquez
|
0-0: Foul Ball, location: 2F 0-1: Ball 1-1: Ground out 5-3 (Groundball, 56)
|
Bottom of the 4th over - 0 run(s), 0 hit(s), 0 error(s), 1 left on base; Bismarck 1 - Moose Jaw 1 |
TOP OF THE 5TH |
Bismarck Barons batting - Pitching for Moose Jaw Ghostbusters : RHP Ken Rogers
|
Batting: RHB Roberto García
|
0-0: Called Strike 0-1: Swinging Strike 0-2: Ball 1-2: Ball 2-2: SINGLE (Groundball, 6MD) (infield hit)
|
Batting: LHB Pedro Díaz
|
0-0: Ball 1-0: Fly out, F4 (Line Drive, 4)
|
Batting: LHB Edwin Ryan
|
0-0: Foul Ball, location: 2F 0-1: Ball 1-1: Ball 2-1: Foul Ball, location: 2F 2-2: Ball 3-2: Strikes out swinging
|
Pitching: LHP Júlio Aguilar
|
|
Batting: SHB Manuel Hegnauer
|
0-0: Called Strike 0-1: Ball 1-1: Ball 2-1: Ball 3-1: Base on Balls Roberto García to second
|
Batting: RHB David Canseco
|
0-0: Swinging Strike 0-1: Foul Ball, location: 2F 0-2: Ball 1-2: Strikes out swinging
|
Top of the 5th over - 0 run(s), 1 hit(s), 0 error(s), 2 left on base; Bismarck 1 - Moose Jaw 1 |
BOTTOM OF THE 5TH |
Moose Jaw Ghostbusters batting - Pitching for Bismarck Barons : RHP Orlando Trinidad
|
Batting: RHB Don Turner
|
0-0: Called Strike 0-1: DOUBLE (Flyball, 89D)
|
Batting: RHB Manuel Pérez
|
0-0: Swinging Strike 0-1: SINGLE (Groundball, 5D) Don Turner to third
|
Batting: LHB Will Vale
|
0-0: Called Strike Manuel Pérez is caught stealing 2nd base 0-1: SINGLE (Groundball, 25) (infield hit)
|
Pitching: LHP Christiano Gomes
|
|
Batting: RHB John Major
|
0-0: Ball 1-0: Swinging Strike 1-1: Ball 2-1: Ball 3-1: Foul Ball, location: 2F 3-2: Foul Ball, location: 2F 3-2: Base on Balls Will Vale to second
|
Batting: RHB Paco Hernández
|
0-0: Ball 1-0: Ball 2-0: Ball 3-0: Called Strike 3-1: Base on Balls Don Turner scores Will Vale to third John Major to second
|
Batting: LHB Dave Stewart
|
0-0: Ball 1-0: Foul Ball, location: 2F 1-1: Called Strike 1-2: Foul Ball, location: 2F 1-2: Foul Ball, location: 2F 1-2: Strikes out swinging
|
Batting: SHB Martín Cruz
|
0-0: Foul Ball, location: 2F 0-1: Fielders Choice at 2nd, 6-4 (Groundball, 6)
|
Bottom of the 5th over - 1 run(s), 3 hit(s), 0 error(s), 2 left on base; Bismarck 1 - Moose Jaw 2 |
TOP OF THE 6TH |
Bismarck Barons batting - Pitching for Moose Jaw Ghostbusters : LHP Júlio Aguilar
|
Batting: RHB Michael Thomas
|
0-0: Called Strike 0-1: Ball 1-1: Ball 2-1: Foul Ball, location: 2F 2-2: Fly out, F9 (Line Drive, 89XD)
|
Batting: SHB Jeff Chambers
|
0-0: Ball 1-0: Ball 2-0: Ball 3-0: Foul Ball, location: 2F 3-1: Called Strike 3-2: Strikes out swinging
|
Batting: LHB Jorge Fernández
|
0-0: Ball 1-0: Ball 2-0: Called Strike 2-1: Foul Ball, location: 2F 2-2: Foul Ball, location: 2F 2-2: Strikes out swinging
|
Top of the 6th over - 0 run(s), 0 hit(s), 0 error(s), 0 left on base; Bismarck 1 - Moose Jaw 2 |
BOTTOM OF THE 6TH |
Moose Jaw Ghostbusters batting - Pitching for Bismarck Barons : LHP Christiano Gomes
|
Batting: RHB Nicholas Harris
|
0-0: Ball 1-0: Fly out, F5 (Popup, 15)
|
Batting: RHB Juan Vázquez
|
0-0: Called Strike 0-1: SINGLE (Groundball, 6D)
|
Batting: RHB Don Turner
|
0-0: Ball Juan Vázquez is caught stealing 2nd base 1-0: Ball 2-0: Fly out, F7 (Flyball, 7S)
|
Bottom of the 6th over - 0 run(s), 1 hit(s), 0 error(s), 0 left on base; Bismarck 1 - Moose Jaw 2 |
TOP OF THE 7TH |
Bismarck Barons batting - Pitching for Moose Jaw Ghostbusters : LHP Júlio Aguilar
|
Batting: LHB John Frost
|
0-0: Ball 1-0: Ball 2-0: Called Strike 2-1: Swinging Strike 2-2: Strikes out swinging
|
Pitching: RHP José Estrada
|
|
Batting: RHB Roberto García
|
0-0: Ball 1-0: Ball 2-0: Ball 3-0: Base on Balls
|
Batting: LHB Pedro Díaz
|
0-0: Called Strike 0-1: Called Strike 0-2: Ball Wild Pitch! Roberto García to second 1-2: Strikes out looking
|
Batting: LHB Edwin Ryan
|
0-0: Ball 1-0: Foul Ball, location: 2F 1-1: Swinging Strike 1-2: Ball 2-2: Ball 3-2: Base on Balls
|
Pitching: RHP Bennett Greer
|
|
Batting: SHB Manuel Hegnauer
|
0-0: Ball 1-0: Fly out, F5 (Popup, 5S)
|
Top of the 7th over - 0 run(s), 0 hit(s), 0 error(s), 2 left on base; Bismarck 1 - Moose Jaw 2 |
BOTTOM OF THE 7TH |
Moose Jaw Ghostbusters batting - Pitching for Bismarck Barons : LHP Christiano Gomes
|
Batting: RHB Manuel Pérez
|
0-0: Ball 1-0: Foul Ball, location: 2F 1-1: Ball 2-1: Ball 3-1: Foul Ball, location: 2F 3-2: Base on Balls
|
Batting: LHB Will Vale
|
0-0: Sac Bunt - play at first, batter OUT! 5-4 Manuel Pérez to second
|
Pitching: RHP Armando Torres
|
|
Batting: RHB John Major
|
0-0: Ball 1-0: Fly out, F3 (Popup, 3F)
|
Batting: RHB Paco Hernández
|
0-0: Called Strike 0-1: Ball 1-1: Ball 2-1: Ground out 4-3 (Groundball, 4)
|
Bottom of the 7th over - 0 run(s), 0 hit(s), 0 error(s), 1 left on base; Bismarck 1 - Moose Jaw 2 |
TOP OF THE 8TH |
Bismarck Barons batting - Pitching for Moose Jaw Ghostbusters : RHP Bennett Greer
|
Now at 3B: Robert Carter
|
|
Batting: RHB David Canseco
|
0-0: Ball 1-0: Foul Ball, location: 2F 1-1: Ball 2-1: Ball 3-1: Called Strike 3-2: Foul Ball, location: 2F 3-2: Strikes out swinging
|
Batting: RHB Michael Thomas
|
0-0: Swinging Strike 0-1: Swinging Strike 0-2: Ball 1-2: Ball 2-2: Strikes out swinging
|
Pitching: RHP Whit Johnson
|
|
Batting: SHB Jeff Chambers
|
0-0: Called Strike 0-1: Ball 1-1: Foul Ball, location: 2F 1-2: Fly out, F9 (Flyball, 9S)
|
Top of the 8th over - 0 run(s), 0 hit(s), 0 error(s), 0 left on base; Bismarck 1 - Moose Jaw 2 |
BOTTOM OF THE 8TH |
Moose Jaw Ghostbusters batting - Pitching for Bismarck Barons : RHP Armando Torres
|
Batting: LHB Dave Stewart
|
0-0: Ball 1-0: Ball 2-0: Ball 3-0: Called Strike 3-1: Ground out 4-3 (Groundball, 4)
|
Batting: SHB Martín Cruz
|
0-0: Ball 1-0: Ball 2-0: Ball 3-0: Called Strike 3-1: Base on Balls
|
Pinch Hitting: RHB Shawn Bane
|
0-0: Ball 1-0: Foul Ball, location: 2F 1-1: Ball 2-1: Called Strike 2-2: Ball 3-2: Fly out, F9 (Flyball, 9M)
|
Batting: RHB Juan Vázquez
|
0-0: Foul Ball, location: 2F 0-1: Ball 1-1: Ball 2-1: Called Strike 2-2: Ground out 5-3 (Groundball, 56)
|
Bottom of the 8th over - 0 run(s), 0 hit(s), 0 error(s), 1 left on base; Bismarck 1 - Moose Jaw 2 |
TOP OF THE 9TH |
Bismarck Barons batting - Pitching for Moose Jaw Ghostbusters : RHP Whit Johnson
|
Now at 2B: Ángel García
|
|
Batting: LHB Jorge Fernández
|
0-0: Called Strike 0-1: SINGLE (Groundball, 34S)
|
Batting: LHB John Frost
|
0-0: Sac Bunt - play at first, batter OUT! 2-4 Jorge Fernández to second
|
Batting: RHB Roberto García
|
0-0: Fly out, F8 (Flyball, 8RXD) Runner from 2nd tags up, SAFE at 3rd, no throw
|
Batting: LHB Pedro Díaz
|
0-0: Called Strike 0-1: Ball 1-1: Called Strike 1-2: Ball 2-2: Ground out 4-3 (Groundball, 4)
|
Top of the 9th over - 0 run(s), 1 hit(s), 0 error(s), 1 left on base; Bismarck 1 - Moose Jaw 2 |
|